 Dungeon Crawl Stone Soup version 0.24.0-123-gd5b16e6ec5 (webtiles) character file.

Game seed: 18138722255700297139, levelgen mode: deterministic

1669 vurker the Conjurer (level 8, -1/66 HPs)
             Began as a Demigod Conjurer on Dec 18, 2019.
             Killed themself with a badly aimed iceblast (10 damage)
             ... on level 7 of the Dungeon.
             The game lasted 00:13:50 (6593 turns).

vurker the Conjurer (Demigod Conjurer)              Turns: 6593, Time: 00:13:51

Health: -1/66      AC:  8    Str: 11    XL:     8   Next: 42%
Magic:  2/20       EV: 12    Int: 23    God:
Gold:   360        SH:  8    Dex: 16    Spells: 9/18 levels left

rFire    . . .     SeeInvis .   B - +1 dagger (freeze)
rCold    + . .     Gourm    .   u - +3 buckler
rNeg     . . .     Faith    .   h - +2 leather armour {rC+}
rPois    .         Spirit   .   v - +2 hat {MR+}
rElec    .         Reflect  .   (no cloak)
rCorr    .         Harm     .   y - +0 pair of gloves
MR       +....                  (no boots)
Stlth    ++........             (no amulet)
HPRegen  0.21/turn              (no ring)
MPRegen  0.17/turn              (no ring)

@: lethally poisoned (-1 -> -10)
A: high mp 1
a: no special abilities


You were on level 7 of the Dungeon.
You were not hungry.

You visited 1 branch of the dungeon, and saw 7 of its levels.

You collected 360 gold pieces.

Inventory:

Hand Weapons
 B - a +1 dagger of freezing (weapon)
   (You took it off an orc wizard on level 5 of the Dungeon)
Armour
 h - a +2 leather armour of cold resistance (worn)
   (You took it off Eustachio on level 6 of the Dungeon)
 u - a +3 buckler (worn)
   (You took it off a kobold on level 3 of the Dungeon)
 v - a +2 hat of magic resistance (worn)
   (You found it on level 3 of the Dungeon)
 y - a +0 pair of gloves (worn)
   (You found it on level 4 of the Dungeon)
Wands
 d - a wand of iceblast (10)
   (You found it on level 6 of the Dungeon)
 j - a wand of polymorph (5)
   (You took it off a centaur on level 6 of the Dungeon)
Scrolls
 c - a scroll of enchant weapon
 g - a scroll of blinking
 k - a scroll of fog
 o - a scroll of remove curse
 q - 2 scrolls of teleportation
 x - 2 scrolls of enchant armour
Potions
 b - a potion of flight {unknown}
 f - 2 potions of brilliance {unknown}
 i - a potion of invisibility {unknown}
 m - 3 potions of heal wounds
 p - 6 potions of curing
 s - a potion of lignification {unknown}
 w - 2 potions of degeneration {unknown}
 z - a potion of ambrosia {unknown}
 A - a potion of haste
Comestibles
 a - 3 chunks of flesh
 e - 8 rations


   Skills:
 + Level 3.9 Fighting
 - Level 1.7 Dodging
 - Level 1.7 Stealth
 + Level 3.3 Shields
 * Level 5.7 Spellcasting
 * Level 7.0 Conjurations


You had 9 spell levels left.
You knew the following spells:

 Your Spells              Type           Power        Failure   Level  Hunger
a - Magic Dart            Conj           ####         1%          1    None
b - Iskenderun's Mystic   Conj           #####...     7%          4    ###....
c - Fulminant Prism       Conj/Hex       ###.......   30%         4    ###....

Your spell library contained the following spells:

 Spells                   Type           Power        Failure   Level  Hunger
 Searing Ray              Conj           #####.       1%          2    None
 Dazzling Spray           Conj/Hex       ###...       9%          3    #......
 Animate Skeleton         Necr           N/A          13%         1    None
 Apportation              Tloc           #.....       13%         1    None
 Confusing Touch          Hex            #.....       13%         1    None
 Summon Small Mammal      Summ           #...         13%         1    None
 Call Imp                 Summ           #.......     19%         2    None
 Force Lance              Conj/Tloc      ###.....     30%         4    ###....
 Call Canine Familiar     Summ           #.......     36%         3    #......
 Summon Guardian Golem    Hex/Summ       #.......     36%         3    #......
 Summon Ice Beast         Ice/Summ       #.......     77%         4    ###....
 Summon Lightning Spire   Summ/Air       #.......     77%         4    ###....


Dungeon Overview and Level Annotations

Branches:
Dungeon (7/15)             Temple (0/1) D:6

Annotations:
D:4 2 transporters, LifeIsToil's ghost, amateur KoHu


Innate Abilities, Weirdness & Mutations

You have an increased reservoir of magic. (+10% MP)


Message History

The sky beast flickers out of sight!
Deactivating autopickup; reactivate with Ctrl-A.
The killer bee barely misses you.
Aim: a killer bee (moderately wounded)
The magic dart hits the killer bee.
You feel sick. You block the killer bee's attack.
The killer bee barely misses you.
Aim: a killer bee (severely wounded)
The magic dart hits the killer bee but does no damage.
You feel sick. The killer bee barely misses you.
You block the killer bee's attack.
Aim: a killer bee (severely wounded)
The magic dart hits the killer bee.
You feel sick. The killer bee barely misses you.
You block the killer bee's attack.
You don't have enough magic to cast that spell.
You barely miss the killer bee.
You feel sick. The killer bee barely misses you.
The killer bee stings you but does no damage.
You hit the killer bee but do no damage.
You feel sick. The killer bee closely misses you.
The killer bee stings you but does no damage.
You barely miss the killer bee.
You feel sick. You block the killer bee's attack.
A sky beast appears from thin air!
Reactivating autopickup.
The killer bee stings you but does no damage.
You hit the killer bee but do no damage.
The killer bee closely misses you. The killer bee stings you.
* * * LOW HITPOINT WARNING * * *
Aim: a killer bee (almost dead)
Okay, then.
You feel sick. You block the killer bee's attack.
Aim: a killer bee (lightly wounded)
Okay, then.
You feel sick. The killer bee stings you.
* * * LOW HITPOINT WARNING * * *
You are more poisoned.
The killer bee poisons you!
Aim: a killer bee (almost dead)
Okay, then.
Unknown command.
You feel sick. The killer bee stings you.
* * * LOW HITPOINT WARNING * * *
Aim: a killer bee (almost dead) That beam is likely to hit you.
Continue anyway?
The mass of ice explodes!
The iceblast engulfs the killer bee!
You kill the killer bee!
Your Conjurations skill increases to level 7!
The iceblast engulfs the killer bee!
You kill the killer bee!
The iceblast engulfs you! You partially resist.
You die...

#### ##..## #..... ##.<...
#...... ######## ##......
#.Y.††.### ##.......
#.....≈####@..######÷.....(.
....†## ###...##<.....#...
...) ##...)[...#####. ...
##.....### ## #. #...[.# # #
##.[.## #....# #..<..#
#.>...##


You could see a sky beast.

Vanquished Creatures
  Eustachio (D:6)
  An ice beast (D:6)
  A phantom (D:5)
  A centaur (D:6)
  2 ogres
  2 scorpions
  6 killer bees (D:7)
  4 crimson imps
  A bullfrog zombie (D:4)
  A centaur zombie (D:6)
  A hound (D:4)
  2 orc priests
  A centaur skeleton (D:4)
  Terence (D:3)
  3 orc wizards
  5 worker ants
  A hound skeleton (D:4)
  6 adders
  3 worms
  A dart slug (D:2)
  2 leopard geckos
  23 orcs
  2 giant cockroaches
  13 goblins
  5 hobgoblins
  8 jackals
  2 quokkas
  2 bats
  14 frilled lizards
  11 kobolds
  7 rats
133 creatures vanquished.

Notes
Turn   | Place    | Note
-------+----------+-------------------------------------------
     0 | D:1      | vurker the Demigod Conjurer began the quest for the Orb.
     0 | D:1      | Reached XP level 1. HP: 14/14 MP: 5/5
   183 | D:1      | Reached XP level 2. HP: 22/22 MP: 5/7
   598 | D:2      | Reached skill level 4 in Conjurations
   776 | D:2      | Reached skill level 1 in Fighting
   776 | D:2      | Reached XP level 3. HP: 27/28 MP: 1/9
  1311 | D:2      | Found a glowing golden altar of the Shining One.
  1506 | D:2      | Reached XP level 4. HP: 35/35 MP: 1/10
  1618 | D:2      | Learned a level 4 spell: Iskenderun's Mystic Blast
  1659 | D:3      | Found a stormy altar of Qazlal.
  1876 | D:3      | Noticed Terence
  1973 | D:3      | Killed Terence
  2451 | D:3      | Reached XP level 5. HP: 40/40 MP: 10/12
  2457 | D:3      | Learned a level 4 spell: Fulminant Prism
  3182 | D:4      | Reached skill level 5 in Conjurations
  3189 | D:4      | Found a burning altar of Makhleb.
  3233 | D:4      | Reached skill level 1 in Shields
  3340 | D:4      | Reached XP level 6. HP: 48/48 MP: 7/14
  3667 | D:4      | Found a hide-covered altar of Uskayaw.
  3736 | D:4      | Found a transporter.
  3751 | D:4      | Noticed LifeIsToil's ghost (amateur KoHu)
  3752 | D:4      | Found a transporter.
  3766 | D:4      | Identified the +4 dire flail of Hazxie Xuucs {crush, *Rage
                  | rF+ rC++ SInv}
  3840 | D:4      | Found a sparkling altar of Nemelex Xobeh.
  3843 | D:4      | Found a blossoming altar of Fedhas.
  3843 | D:4      | Found a bloodstained altar of Trog.
  3843 | D:4      | Found an ancient bone altar of Kikubaaqudgha.
  3853 | D:4      | Found a glowing silver altar of Zin.
  3857 | D:4      | Found a sacrificial altar of Ru.
  3992 | D:4      | Found a hazy altar of Hepliaklqana.
  4120 | D:5      | Entered Level 5 of the Dungeon
  4772 | D:6      | Reached XP level 7. HP: 56/56 MP: 9/16
  5274 | D:6      | Reached skill level 6 in Conjurations
  5383 | D:6      | Noticed Eustachio
  5651 | D:6      | Killed Eustachio
  5651 | D:6      | Reached skill level 5 in Spellcasting
  5840 | D:6      | Found a staircase to the Ecumenical Temple.
  5972 | D:6      | Found a shadowy altar of Dithmenos.
  6182 | D:6      | Reached XP level 8. HP: 33/63 MP: 1/19
  6593 | D:7      | Reached skill level 7 in Conjurations
  6593 | D:7      | Killed themself with a badly aimed iceblast

Levels and vault maps discovered:
D:1:      ncdulo_lavacross, layout_rooms
D:2:      layout_loops_ring, tso_altar, chequers_mini_garden, st_stairs_2
D:3:      layout_loops_corners, nicolae_qazlal_general_emergency, uniq_terence
D:4:      layout_cave_pools, nicolae_overflow_crystal_walls,
          lemuel_doored_altar, old_standard_altar, minmay_overflow_temple_hex,
          gammafunk_ghost_smash, first_ration,
          hangedman_abyss_or_decor_lesser_grid, minmay_misc_feat_enclosed
D:5:      layout_rooms
D:6:      layout_loops_ring, grunt_dithmenos_smoke, temple_green, uniq_eustachio
D:7:      layout_layer_cave

Skill      XL: |  1  2  3  4  5  6  7  8 |
---------------+-------------------------+-----
Spellcasting   | 2 3 4 5 |  5.7
Conjurations   | 4 5 6 7 |  7.0
Fighting       | 1 2 3 |  3.9
Shields        | 1 2 3 |  3.3
Dodging        | |  1.7
Stealth        | |  1.7

Action                   |  1- 3 |  4- 6 |  7- 9 || total
-------------------------+-------+-------+-------++-------
Melee: Unarmed           |    28 |       |       ||    28
       Dagger            |     6 |    22 |   123 ||   151
 Cast: Magic Dart        |    98 |   179 |   102 ||   379
       Iskenderun's Myst |       |     2 |    18 ||    20
  Use: Potion            |       |     1 |       ||     1
       Scroll            |       |    11 |     1 ||    12
 Stab: Sleeping          |       |       |     2 ||     2
  Eat: Chunk             |     2 |     7 |     5 ||    14
       Ration            |       |     1 |     1 ||     2
Armor: Robe              |    16 |    16 |    22 ||    54
       Leather armour    |       |       |    22 ||    22
Dodge: Dodged            |    36 |    43 |   111 ||   190
Block: Buckler           |       |       |    92 ||    92
